 Dungeon Crawl Stone Soup version 0.30-b1-2-g02819fbbbe (webtiles) character file.

Game seed: 7010806190963035482

97709 Ashen the Ogre Mage (level 16, -2/133 HPs)
             Began as an Ogre Air Elementalist on Jan 18, 2024.
             Was a High Priest of Vehumet.
             Killed from afar by a wretched star (20 damage)
             ... with a lance of force
             ... on level 2 of the Abyss.
             The game lasted 01:57:05 (36200 turns).

Ashen the Ogre Mage (Ogre Air Elementalist)        Turns: 36200, Time: 01:57:08

Health: -2/133     AC:  8    Str: 16    XL:     16   Next: 20%
Magic:  30/35      EV: 12    Int: 24    God:    Vehumet [*****.]
Gold:   2876       SH:  5    Dex:  9    Spells: 18/45 levels left

rFire   . . .        N - +0 giant spiked club (venom)
rCold   + + .        (shield currently unavailable)
rNeg    . . .        L - +2 robe {Archmagi}
rPois   .            (helmet restricted)
rElec   .            a - +2 cloak {rCorr}
rCorr   +            (gloves unavailable)
SInv    .            (boots unavailable)
Will    +....        n - amulet of reflection
Stlth   ++           I - ring of Ynweur {rC+ Int+2}
HPRegen 0.00/turn    k - ring of protection from cold
MPRegen 0.24/turn

%: reflection, archmagi
@: sick, unable to drink
A: large, unfitting armour, tough skin 1, [frail 2], [inability to drink after
injury 2]
a: Renounce Religion


You were on level 2 of the Abyss.
You worshipped Vehumet.
Vehumet was extremely pleased with you.
You visited 3 branches of the dungeon, and saw 21 of its levels.
You visited the Abyss 1 time.
You also visited: Ossuary, Bailey and Ice Cave.

You collected 3832 gold pieces.
You spent 956 gold pieces at shops.

Inventory:

Hand Weapons
 c - a +0 giant spiked club
 m - the +3 dagger of Dim Light {protect, rElec}
   (You found it on level 2 of the Dungeon)

   rElec:     It insulates you from electricity.
 v - a +0 giant spiked club
 N - a +0 giant spiked club of venom (weapon)
Armour
 a - a +2 cloak of preservation (worn)
 L - a +2 robe of the Archmagi (worn)
 R - +0 steam dragon scales
 S - a +2 robe of resistance
 U - a +2 robe of willpower
 X - +0 acid dragon scales
Magical Staves
 P - a staff of conjuration
Jewellery
 k - a ring of protection from cold (right hand)
 n - an amulet of reflection (around neck)
 I - the ring of Ynweur (left hand) {rC+ Int+2}
   (You found it on level 5 of the Dungeon)

   [ring of protection from cold]

   Int:       It affects your intelligence (+2).
   rC:        It protects you from cold.
Wands
 i - a wand of mindburst (11)
 G - a wand of acid (8)
 J - a wand of polymorph (9)
 K - a wand of charming (33)
 M - a wand of roots (13)
 Z - a wand of flame (19)
Scrolls
 b - 8 scrolls of enchant weapon
 d - 2 scrolls of torment
 f - 20 scrolls of teleportation
 g - 4 scrolls of fog
 h - a scroll of acquirement
 j - 4 scrolls of amnesia
 l - 4 scrolls of immolation
 o - 6 scrolls of fear
 s - a scroll of summoning
 t - a scroll of poison
 y - 2 scrolls of silence
 D - 7 scrolls of vulnerability
 F - 4 scrolls of magic mapping
 O - 6 scrolls of enchant armour
 V - a scroll of blinking
Potions
 e - 6 potions of heal wounds
 p - 3 potions of resistance
 q - a potion of cancellation
 r - 4 potions of attraction
 u - 2 potions of brilliance
 w - 4 potions of degeneration
 x - 5 potions of haste
 z - a potion of berserk rage
 A - 6 potions of might
 B - 4 potions of invisibility
 C - 12 potions of curing
 E - 9 potions of flight
 H - 6 potions of lignification
 Q - 2 potions of mutation


   Skills:
 + Level 12.5 Fighting
 + Level 8.9 Maces & Flails
 + Level 9.2 Dodging
 - Level 3.0 Stealth
 * Level 15.0 Spellcasting
 * Level 12.5 Conjurations
 * Level 12.8 Air Magic


You had 18 spell levels left.
You knew the following spells:

 Your Spells              Type           Power      Damage    Failure   Level
a - Shock                 Conj/Air       100%       1d9       0%          1
b - Static Discharge      Conj/Air       100%       2-7/arc   1%          2
c - Swiftness             Air            88%        N/A       1%          3
d - Airstrike             Air            44%        2d(7-23)  1%          4
e - Freezing Cloud        Conj/Ice/Air   36%        6-21      1%          5
f - Conjure Ball Lightni  Conj/Air       43%        3x3d15    1%          6
g - Plasma Beam           Fire/Air       32%        2x1d50    10%         6

Your spell library contained the following spells:

 Spells                   Type           Power      Damage    Failure   Level
 Ozocubu's Refrigeration  Ice            13%        4d10      99%         7
 Magic Dart               Conj           100%       1d8       0%          1
 Cigotuvi's Dreadful Rot  Necr/Pois/Air  100%       N/A       1%          2
 Poisonous Vapours        Pois/Air       100%       N/A       1%          2
 Hailstorm                Conj/Ice       64%        3d14      1%          3
 Mephitic Cloud           Conj/Pois/Air  73%        N/A       1%          3
 Irradiate                Conj/Tmut      32%        3d22      1%          5
 Ignite Poison            Fire/Tmut/Pois 27%        N/A       2%          3
 Apportation              Tloc           54%        N/A       3%          1
 Beastly Appendage        Tmut           54%        N/A       3%          1
 Necrotise                Necr           100%       1d9       3%          1
 Sting                    Tmut/Pois      100%       1d8       3%          1
 Call Imp                 Summ           54%        N/A       4%          2
 Ensorcelled Hibernation  Hex/Ice        54%        N/A       4%          2
 Lesser Beckoning         Tloc           54%        N/A       4%          2
 Passwall                 Tmut/Erth      22%        N/A       4%          2
 Wereblood                Tmut           27%        N/A       4%          2
 Olgreb's Toxic Radiance  Pois           27%        N/A       9%          4
 Gell's Gravitas          Tloc           27%        N/A       10%         3
 Portal Projectile        Hex/Tloc       54%        N/A       10%         3
 Spider Form              Tmut/Pois      27%        N/A       10%         3
 Teleport Other           Tloc           27%        N/A       10%         3
 Tukima's Dance           Hex            27%        N/A       10%         3
 Vampiric Draining        Necr           27%        2d7       10%         3
 Iron Shot                Conj/Erth      32%        9d7       11%         6
 Animate Armour           Summ/Erth      54%        N/A       30%         4
 Ice Form                 Ice/Tmut       27%        N/A       30%         4
 Manifold Assault         Tloc           27%        N/A       30%         4
 Agony                    Necr           27%        N/A       65%         5
 Alistair's Intoxication  Tmut/Pois      18%        N/A       65%         5
 Blade Hands              Tmut           13%        N/A       65%         5
 Borgnjor's Vile Clutch   Necr/Erth      13%        N/A       65%         5
 Eringya's Noxious Bog    Tmut/Pois      13%        N/A       71%         6
 Dispersal                Tloc           13%        N/A       99%         6
 Simulacrum               Ice/Necr       13%        N/A       99%         6
 Dragon Form              Tmut           13%        N/A       100%        7
 Disjunction              Tloc           13%        N/A       100%        8


Dungeon Overview and Level Annotations

Branches:
Dungeon (14/15)            Temple (0/1) D:5            Lair (5/5) D:10
  Swamp (0/4) Lair:3        Snake (0/4) Lair:3        Slime (0/5) Lair:4
    Orc (2/2) D:12            Elf (0/3) Orc:2       Ossuary (visited)
 Bailey (visited)           IceCv (visited)
 Vaults: D:13-14

Altars:
Cheibriados
Elyvilon
Fedhas
Gozag
Hepliaklqana
Kikubaaqudgha
Nemelex Xobeh
Okawaru
Qazlal
Ru
Trog
Uskayaw
Vehumet
Wu Jian
Yredelemnul
Zin
The Shining One
Jiyva
Lugonu

Shops:
D:5 ***   D:12 [   Orc:2 (:??

Annotations:
D:5 Grinder
Lair:4 2 transporters, 1 runed translucent door, exclusion: oklob plant, Muugg's ghost, journeyman DjCj


Innate Abilities, Weirdness & Mutations

You are too large for most types of armour.
You have tough skin. (AC +1)
[You are very frail. (-20% HP)]
[You sometimes lose the ability to drink potions when taking damage.]


Message History

The large abomination hits you!
* * * LOW HITPOINT WARNING * * *
The small abomination barely misses you.
A rakshasa comes into view. It is wielding a +0 whip.
The small abomination hits you!!
* * * LOW HITPOINT WARNING * * *
A rakshasa comes into view. It is wielding a +0 long sword.
The small abomination hits you!
* * * LOW HITPOINT WARNING * * *
You start to feel a little slower.
A rakshasa and a quasit come into view.
You are suddenly pulled into a different region of the Abyss!
Found a corrupted altar of Lugonu.
You feel sluggish.
You start resting.
A wretched star punctures the fabric of the universe.
You start to feel a little faster.
The wretched star pulses with an eldritch light!
You feel frail. x2
The wretched star pulses with an eldritch light!
You occasionally lose the ability to drink potions when taking damage.
You lose the ability to drink potions when taking damage more often.
You no longer feel sluggish.
The wretched star glows turbulently.
The lance of force misses you.
Casting: Swiftness (safe; 1% risk of failure)
Confirm with . or Enter, or press ? or * to list all spells.
Aiming: Freezing Cloud (mildly dangerous; 1% risk of failure)
Press: ? - help, Dir - move target, f - wretched star
Aim: a wretched star You feel a surge of power!
The wretched star is engulfed in freezing vapours.
The wretched star is engulfed in freezing vapours.
You closely miss the wretched star.
The wretched star is lightly damaged.
The wretched star is engulfed in freezing vapours.
The wretched star glows turbulently.
The lance of force hits you!!
You feel threatened and lose the ability to drink potions!
You die...

. # .. ..
##..### ###§.
...# #§§###..# .
##§§§§.#..#... .
###*§§##.......#
. #.@#.#.#.#..#
####
#.#...##*##.# .
.. ..#..###.#.
#.. # .
##...##......# .
. #.# #.#.#
..#### ##.
....###..# .#..
..... ....# # .
##..#### # #.#..
## # ### .. .
#...# #


You could see a wretched star.

Vanquished Creatures
  Saint Roka (Orc:2)
  Azrael (D:14)
  Snorg (Orc:2)
  Josephine (D:14)
  Fannar (Lair:1)
  4 hydras
  A vault guard (D:14)
  A ghost crab (Lair:3)
  An ogre mage (Orc:2)
  A catoblepas (Lair:3)
  A boulder beetle (D:12)
  4 centaur warriors (D:13)
  2 two-headed ogres
  8 death yaks
  An orc high priest (Orc:2)
  Urug (Lair:1)
  A deep elf knight (D:11)
  Nergalle (Orc:2)
  A spectral catoblepas (Lair:3)
  8 skeletal warriors
  A skyshark (Lair:4)
  A spectral hydra (Lair:3)
  A wizard (D:14)
  An orc knight (Orc:1)
  2 necromancers
  A deep elf pyromancer (D:13)
  11 orc sorcerers
  3 cyclopes
  A manticore (D:13)
  7 ugly things
  9 elephants
  An ice statue (IceCv)
  2 black mambas
  Maurice (Orc:2)
  2 torpor snails
  Maggie (Lair:1)
  12 cane toads
  6 kobold demonologists
  3 rime drakes
  2 efreet
  4 freezing wraiths (IceCv)
  12 komodo dragons
  A tengu conjurer (D:13)
  4 anaconda simulacra (IceCv)
  An ancient zyme (Abyss:2)
  2 trolls
  10 ice devils (IceCv)
  6 polar bears (Lair:5)
  6 hornets
  A hornet (shapeshifter) (D:13)
  A spectral elephant (Lair:3)
  5 dream sheep (Lair:5)
  16 blink frogs
  A centaur simulacrum (D:13)
  A shadow (D:9)
  2 spectral black mambas (Lair:3)
  A ynoxinul (Abyss:2)
  4 slime creatures (D:13)
  4 wyverns
  13 spriggans (Lair:5)
  A vampire (D:11)
  63 yaks
  5 wraiths
  5 fire elementals (D:14)
  2 basilisks (Lair:5)
  8 vampire mosquitoes
  15 humans (D:14)
  2 steam dragons (D:9)
  3 death yak simulacra (IceCv)
  A spectral cane toad (Lair:3)
  2 harpy simulacra (IceCv)
  3 nagas (Lair:3)
  5 wargs
  2 hydra simulacra (IceCv)
  20 water moccasins
  2 hell hounds (D:14)
  7 black bears
  3 ice beasts
  A sky beast (D:7)
  25 orc warriors
  9 ogres
  4 boggarts (Lair:5)
  7 centaurs
  26 wolves
  3 kobold brigands
  A gnoll sergeant (D:11)
  9 bullfrogs
  5 scorpions
  5 cane toad simulacra (IceCv)
  A two-headed ogre simulacrum (IceCv)
  8 wights
  4 elephant simulacra (IceCv)
  3 electric eels
  3 howler monkeys
  A hound (D:7)
  3 jellies
  2 gnoll boudas
  17 orc priests
  Crazy Yiuf (D:3)
  Natasha (thrice) (D:2)
  Jessica (D:3)
  2 sleepcaps
  7 iguanas
  38 orc wizards
  2 spriggan simulacra (D:11)
  A troll simulacrum (D:11)
  4 polar bear simulacra (IceCv)
  4 wolf simulacra (IceCv)
  8 mummies (Ossuary)
  10 gnolls
  2 adders (D:5)
  A naga simulacrum (D:11)
  6 shadow imps
  4 white imps
  4 ufetubi
  75 orcs
  5 ball pythons
  7 bats
  9 endoplasms
  4 giant cockroaches
  6 goblins
  10 hobgoblins
  4 jackals (D:3)
  4 quokkas
  4 frilled lizards
  A gnoll zombie (Ossuary)
  2 hobgoblin zombies (Ossuary)
  38 kobolds
  2 kobold zombies (Ossuary)
  3 orc zombies (Ossuary)
  10 rats
772 creatures vanquished.

Vanquished Creatures (collateral kills)
  5 ball lightnings (Orc:2)
5 creatures vanquished.

Vanquished Creatures (others)
  A cane toad (Lair:3)
  Eustachio (D:5)
  154 ball lightnings
  15 demonic plants (D:14)
  51 fungi
  64 plants
286 creatures vanquished.

Grand Total: 1063 creatures vanquished

Notes
Turn   | Place    | Note
-------+----------+-------------------------------------------
     0 | D:1      | Ashen the Ogre Air Elementalist began the quest for the
                  | Orb.
     0 | D:1      | Reached XP level 1. HP: 16/16 MP: 3/3
    21 | D:1      | Reached skill level 1 in Conjurations
   223 | D:1      | Reached XP level 2. HP: 26/26 MP: 2/5
   226 | D:1      | Learned a level 2 spell: Static Discharge
   854 | D:1      | Reached XP level 3. HP: 32/32 MP: 5/7
  1204 | D:2      | Noticed Natasha
  1217 | D:2      | Killed Natasha
  1218 | D:2      | Reached skill level 1 in Fighting
  1218 | D:2      | Reached skill level 3 in Spellcasting
  1218 | D:2      | Reached XP level 4. HP: 26/41 MP: 1/8
  1267 | D:2      | Noticed Natasha
  1627 | D:2      | Identified the +3 dagger of Dim Light {protect, rElec}
  1739 | D:2      | Killed Natasha
  1878 | D:2      | Noticed Natasha
  1885 | D:2      | Killed Natasha
  1886 | D:2      | Reached XP level 5. HP: 48/48 MP: 1/10
  2236 | D:3      | Noticed Jessica
  2241 | D:3      | Killed Jessica
  2410 | D:3      | Reached skill level 1 in Maces & Flails
  2540 | D:3      | Noticed a sky beast
  2552 | D:2      | Learned a level 3 spell: Swiftness
  2557 | D:2      | Learned a level 4 spell: Airstrike
  2648 | D:3      | Found a faded altar of an unknown god.
  2901 | D:3      | Found a runed translucent door.
  2902 | D:3      | Noticed Crazy Yiuf
  2908 | D:3      | Killed Crazy Yiuf
  3076 | D:4      | Found a sand-covered staircase.
  3089 | D:4      | Reached XP level 6. HP: 49/57 MP: 11/11
  3100 | Ossuary  | Entered an ossuary
  3499 | Ossuary  | Reached skill level 4 in Spellcasting
  3837 | D:4      | Reached XP level 7. HP: 57/66 MP: 4/13
  3959 | D:4      | Found a radiant altar of Vehumet.
  3997 | D:4      | Became a worshipper of Vehumet
  4446 | D:5      | Entered Level 5 of the Dungeon
  4600 | D:5      | Noticed Grinder
  4888 | D:5      | Noticed Eustachio
  4913 | D:5      | Killed Eustachio
  5029 | D:5      | Reached XP level 8. HP: 75/75 MP: 8/15
  5202 | D:5      | Found Zuymylia's Specific Store.
  5207 | D:5      | Found Syntere Ryokh's General Store.
  5211 | D:5      | Bought a potion of ambrosia for 104 gold pieces
  5211 | D:5      | Bought 3 scrolls of teleportation for 117 gold pieces
  5211 | D:5      | Bought a potion of lignification for 39 gold pieces
  5251 | D:5      | Reached skill level 5 in Spellcasting
  5253 | D:5      | Reached * piety under Vehumet
  5253 | D:5      | Offered knowledge of Magic Dart by Vehumet.
  5463 | D:5      | Found a staircase to the Ecumenical Temple.
  5807 | D:5      | Found Qumem's Fire Supplies.
  5852 | D:5      | Identified the ring of Ynweur {rC+ Int+2}
  6213 | D:6      | Found a blossoming altar of Fedhas.
  6213 | D:6      | Found a snail-covered altar of Cheibriados.
  6214 | D:6      | Found a glowing golden altar of the Shining One.
  6362 | D:6      | Noticed a +0 dagger
  6362 | D:6      | Noticed a +0 short sword
  6362 | D:6      | Noticed a +0 short sword
  6363 | D:6      | Noticed a +0 dagger
  6363 | D:6      | Noticed a +0 falchion
  6366 | D:6      | Noticed a +0 spear
  6367 | D:6      | Noticed a +0 falchion
  6411 | D:6      | Noticed a +0 spear
  6425 | D:6      | Reached skill level 5 in Air Magic
  6550 | D:6      | Found a basalt altar of Yredelemnul.
  6644 | D:6      | Found a sparkling altar of Nemelex Xobeh.
  6935 | D:6      | Found a hide-covered altar of Uskayaw.
  6993 | D:6      | Found an opulent altar of Gozag.
  7037 | D:6      | Found a glowing silver altar of Zin.
  7245 | D:6      | Reached skill level 6 in Spellcasting
  7245 | D:6      | Reached XP level 9. HP: 85/85 MP: 10/18
  7251 | D:6      | Learned a level 5 spell: Freezing Cloud
  7523 | D:7      | Reached ** piety under Vehumet
  7523 | D:7      | Offered knowledge of Momentum Strike by Vehumet.
  7607 | D:7      | Found a flagged portal.
  7624 | Bailey   | Entered a bailey
  7793 | Bailey   | Reached skill level 5 in Conjurations
  7955 | Bailey   | Reached skill level 5 in Fighting
  8421 | D:7      | Found a stormy altar of Qazlal.
  8519 | D:7      | Offered knowledge of Stone Arrow by Vehumet.
  8520 | D:7      | Reached skill level 7 in Spellcasting
  9334 | D:8      | Reached *** piety under Vehumet
  9341 | D:8      | Reached XP level 10. HP: 96/97 MP: 8/20
 10351 | D:9      | Found a bloodstained altar of Trog.
 10836 | D:9      | Reached skill level 8 in Spellcasting
 11194 | D:9      | Offered knowledge of Fulminant Prism by Vehumet.
 11273 | D:9      | Found an iron altar of Okawaru.
 11280 | D:9      | You fall into a shaft and drop 3 floors!
 11375 | D:12     | Noticed a cyclops
 11379 | D:12     | Killed a cyclops
 11676 | D:11     | Found a frozen archway.
 11834 | IceCv    | Entered an ice cave
 11841 | IceCv    | Reached skill level 5 in Dodging
 12083 | IceCv    | Reached **** piety under Vehumet
 12202 | IceCv    | Offered knowledge of Fireball by Vehumet.
 12203 | IceCv    | Reached XP level 11. HP: 107/107 MP: 23/23
 12727 | IceCv    | Found an ancient bone altar of Kikubaaqudgha.
 12734 | IceCv    | Reached skill level 9 in Spellcasting
 12940 | IceCv    | Reached skill level 5 in Maces & Flails
 14579 | IceCv    | Found the +8 frozen axe "Frostbite" {freeze, freezing
                  | cloud, *Noise Fly rC+}
 14648 | IceCv    | Noticed a necromancer
 14819 | IceCv    | Killed a necromancer
 15296 | D:10     | Entered Level 10 of the Dungeon
 15304 | D:10     | Found a sacrificial altar of Ru.
 15411 | D:10     | Reached skill level 10 in Spellcasting
 15694 | D:10     | Reached XP level 12. HP: 119/119 MP: 16/26
 15764 | D:10     | Noticed a death yak
 15764 | D:10     | Noticed a death yak
 15765 | D:10     | Reached ***** piety under Vehumet
 15766 | D:10     | Noticed a death yak
 15768 | D:10     | Offered knowledge of Starburst by Vehumet.
 15774 | D:10     | Killed a death yak
 15777 | D:10     | Killed a death yak
 15785 | D:10     | Killed a death yak
 15786 | D:10     | Found a staircase to the Lair.
 16002 | D:10     | Found a white marble altar of Elyvilon.
 16708 | Lair:1   | Entered Level 1 of the Lair of Beasts
 17001 | Lair:1   | Noticed Fannar
 17007 | Lair:1   | Noticed Urug
 17015 | Lair:1   | Killed Urug
 17332 | Lair:1   | Killed Fannar
 17333 | Lair:1   | Reached skill level 11 in Spellcasting
 17528 | Lair:1   | Noticed Maggie
 17826 | Lair:1   | Killed Maggie
 18005 | Lair:1   | Found a sparkling altar of Nemelex Xobeh.
 18542 | Lair:2   | Reached XP level 13. HP: 96/131 MP: 15/28
 18850 | Lair:2   | Reached skill level 10 in Air Magic
 20882 | Lair:3   | Reached skill level 12 in Spellcasting
 20894 | Lair:3   | Reached skill level 10 in Conjurations
 20968 | Lair:3   | Reached skill level 10 in Fighting
 21569 | Lair:3   | Found a staircase to the Snake Pit.
 22391 | Lair:3   | Found a staircase to the Swamp.
 22795 | Lair:4   | Found a transporter.
 22819 | Lair:4   | Reached XP level 14. HP: 138/141 MP: 24/30
 22953 | Lair:4   | Found a runed translucent door.
 22957 | Lair:4   | Found a viscous altar of Jiyva.
 22957 | Lair:4   | Noticed an acid blob
 22958 | Lair:4   | Found a staircase to the Slime Pits.
 22958 | Lair:4   | Noticed an acid blob
 23004 | Lair:4   | Found a transporter.
 23006 | Lair:4   | Noticed Muugg's ghost (journeyman DjCj)
 23798 | Lair:4   | Offered knowledge of Conjure Ball Lightning by Vehumet.
 23806 | Lair:4   | Learned a level 6 spell: Conjure Ball Lightning
 24404 | Lair:5   | Entered Level 5 of the Lair of Beasts
 24546 | Lair:5   | Reached skill level 13 in Spellcasting
 26109 | Lair:5   | Offered knowledge of Plasma Beam by Vehumet.
 26117 | Lair:5   | Learned a level 6 spell: Plasma Beam
 27704 | D:11     | Found a transporter.
 27818 | D:11     | Found a transporter.
 27842 | D:11     | Found an iron altar of Okawaru.
 28207 | D:11     | Paralysed by an orc sorcerer for 3 turns
 28329 | D:12     | Found Vubad's Armour Emporium.
 28335 | D:12     | Reached XP level 15. HP: 154/154 MP: 19/32
 28764 | D:12     | Identified a scroll of acquirement
 28904 | D:12     | Found a hazy altar of Hepliaklqana.
 29040 | D:12     | Found a staircase to the Orcish Mines.
 30271 | D:13     | Reached skill level 14 in Spellcasting
 30771 | D:13     | Paralysed by a hornet for 2 turns
 31346 | Orc:1    | Entered Level 1 of the Orcish Mines
 31760 | Orc:2    | Entered Level 2 of the Orcish Mines
 32070 | Orc:2    | Noticed Maurice
 32078 | Orc:2    | Killed Maurice
 32464 | Orc:1    | Offered knowledge of Iskenderun's Battlesphere by Vehumet.
 32979 | Orc:2    | Found a staircase to the Elven Halls.
 33070 | Orc:2    | Noticed Snorg
 33073 | Orc:2    | Killed Snorg
 33133 | Orc:2    | Noticed Saint Roka
 33155 | Orc:2    | Killed Saint Roka
 34213 | Orc:2    | Offered knowledge of Ozocubu's Refrigeration by Vehumet.
 34216 | Orc:2    | Found a radiant altar of Vehumet.
 34339 | Orc:2    | Paralysed by an orc sorcerer for 4 turns
 34386 | Orc:2    | Found Idweliz's Book Shoppe.
 34400 | Orc:2    | Noticed Nergalle
 34403 | Orc:2    | Killed Nergalle
 34579 | Orc:2    | Found an ancient bone altar of Kikubaaqudgha.
 34629 | Orc:2    | Found Berchin's Magic Scroll Shoppe.
 34630 | Orc:2    | Found Laotuth's Magic Scroll Emporium.
 34654 | Orc:2    | Bought a scroll of magic mapping for 97 gold pieces
 34654 | Orc:2    | Bought a scroll of enchant weapon for 97 gold pieces
 34654 | Orc:2    | Bought a scroll of enchant weapon for 97 gold pieces
 34654 | Orc:2    | Bought a scroll of enchant armour for 97 gold pieces
 34654 | Orc:2    | Bought a scroll of enchant armour for 97 gold pieces
 34654 | Orc:2    | Bought a scroll of fear for 52 gold pieces
 34730 | Orc:2    | Bought a scroll of teleportation for 33 gold pieces
 34730 | Orc:2    | Bought a scroll of fear for 44 gold pieces
 34730 | Orc:2    | Bought a scroll of magic mapping for 82 gold pieces
 34757 | Orc:2    | Found Wiarghasch's Antique Weapon Emporium.
 35327 | D:14     | Reached XP level 16. HP: 149/166 MP: 26/34
 35330 | D:14     | Noticed Azrael
 35332 | D:14     | Noticed Josephine
 35336 | D:14     | Killed Azrael
 35342 | D:14     | Killed Josephine
 35564 | D:14     | Found an ornate altar of the Wu Jian Council.
 35976 | D:14     | Found a corrupted altar of Lugonu.
 36002 | D:14     | Reached skill level 15 in Spellcasting
 36052 | Abyss:2  | Found a corrupted altar of Lugonu.
 36052 | Abyss:2  | Cast into level 2 of the Abyss (a wizard)
 36166 | Abyss:2  | Found a corrupted altar of Lugonu.
 36200 | Abyss:2  | Killed from afar by a wretched star

Illustrated notes

Levels and vault maps discovered:
D:1:      dpeg_arrival_boxorama, layout_basic
D:2:      layout_rooms, uniq_natasha
D:3:      layout_basic, dreamdust_ecumenical_altar_statues,
          uniq_crazy_yiuf_cottage, uniq_jessica
D:4:      layout_rooms, nicolae_vehumet_altar_sigil, enter_ossuary_5
D:5:      layout_basic, minmay_temple_entry_offerings, nicolae_shop_fire_sale
          [nicolae_sub_dead_trees], nicolae_specific_store,
          chequers_serial_rivers_micro_e, uniq_grinder, uniq_eustachio
D:6:      layout_rooms, overflow_temple_1_default,
          mainiacjoe_overflow_surrounded_room, nicolae_uskayaw_en_pointe,
          mainiacjoe_overflow_alcove_2, gammafunk_temple_overflow_claw,
          nemelex_altar_shiori, hex_tiny
D:7:      layout_basic, nicolae_qazlal_style_of_elements, enter_bailey_2,
          nicolae_sextant
D:8:      layout_loops_ring
D:9:      layout_grid_maze, bloody_trog, fountainhead, grunt_ministairs_10,
          david_defended_altar_orc
D:10:     layout_rooms, mainiacjoe_overflow_small_starburst, elyvilon_altar_4,
          dpeg_lair_monsters, hangedman_abyss_or_decor_jellyfish_corner,
          minivault_14
D:11:     gammafunk_wand_slinger, layout_basic,
          portal_ice_cave_entry_ice_simulacra, okawaru_trees_1
D:12:     layout_roguey, erik_orc_3, serial_shops,
          nicolae_shop_just_a_little_nook, worldfamousw_hep_ancestral_shrine
D:13:     layout_gridville
D:14:     kennysheep_kobold_lugonu_temple, layout_layer_cave,
          grunt_vaults_entry_tiered, nicolae_wu_jian_wuxing_cycle,
          uniq_josephine, uniq_azrael
Lair:1:   layout_regular_city, basic_altar, uniq_fannar, uniq_urug, uniq_maggie
Lair:2:   layout_gridlike, gauntlet_entry_generic,
          nicolae_lair_grove_arrangements, beast_lair_carwin_1
Lair:3:   layout_regular_city, nicolae_swamp_entry_spooky,
          nicolae_snake_entry_squirm, beast_lair_carwin_7
Lair:4:   beast_lair_carwin_large_1, layout_long_grid, slime_entry_2,
          nzn_ghost_randoct, lemuel_fruit_tree
Lair:5:   minmay_lair_end_enchanted_forest, layout_loops_ring
Orc:1:    layout_caves
Orc:2:    kennysheep_orc_mage_school, layout_caves, bh_open_orc_temple,
          uniq_maurice, uniq_snorg, uniq_saint_roka
Abyss:2:  base: Lair:3, evilmike_abyss_exit_12, minivault_23

Skill      XL: |  1  2  3  4  5  6  7  8  9 10 11 12 13 14 15 16 |
---------------+-------------------------------------------------+-----
Conjurations   | 1 2 3 4 5 6 8 9 10 11 12 | 12.5
Fighting       | 1 2 3 4 5 6 8 9 10 11 12 | 12.5
Dodging        | 2 3 4 5 6 7 8 9 |  9.2
Spellcasting   | 3 4 6 7 8 10 11 12 13 14 15 | 15.0
Air Magic      | 3 4 5 6 7 8 9 10 11 12 | 12.8
Maces & Flails | 1 2 3 4 5 6 7 8 |  8.9
Stealth        | 2 3 |  3.0

Action                     |  1- 3 |  4- 6 |  7- 9 | 10-12 | 13-15 | 16-18 || total
---------------------------+-------+-------+-------+-------+-------+-------++-------
  Melee: Unarmed           |    21 |       |       |       |       |       ||    21
         Club              |     9 |     2 |       |       |       |       ||    11
         Dagger            |       |   111 |   241 |   177 |   332 |     7 ||   868
         Punch             |       |     3 |     3 |       |     8 |       ||    14
         Giant spiked club |       |       |       |       |     4 |    18 ||    22
   Cast: Shock             |    49 |    78 |   178 |    47 |       |       ||   352
         Static Discharge  |       |    20 |    33 |    31 |     4 |       ||    88
         Airstrike         |       |       |    19 |   186 |    69 |       ||   274
         Freezing Cloud    |       |       |     3 |    51 |   251 |    24 ||   329
         Swiftness         |       |       |       |     5 |     3 |     1 ||     9
         Conjure Ball Ligh |       |       |       |       |    59 |     7 ||    66
         Plasma Beam       |       |       |       |       |    33 |       ||    33
  Evoke: Wand              |       |       |       |    24 |     6 |       ||    30
    Use: Scroll            |       |       |       |    18 |    10 |       ||    28
         Potion            |       |       |       |     2 |       |       ||     2
   Stab: Sleeping          |       |     2 |     1 |       |       |       ||     3
         Distracted        |       |       |       |       |     1 |       ||     1
 Armour: Robe              |    14 |    41 |    71 |    53 |    35 |    14 ||   228
         Steam dragon scal |       |       |       |    47 |   138 |       ||   185
  Dodge: Dodged            |    11 |    62 |   208 |   169 |   208 |    49 ||   707
  Block: Other             |       |    25 |    70 |    60 |   106 |    17 ||   278
         Reflection        |       |       |     7 |     1 |     5 |       ||    13
